 Dungeon Crawl Stone Soup version 0.13-a0-3076-g221303f (webtiles) character file.

100 Sachiko the Grasshopper (level 3, 0/20 HPs)
             Began as a Gargoyle Warper on Sept 17, 2013.
             Slain by a gnoll
             ... wielding a +0,+0 club
              (4 damage)
             ... on Level 2 of the Dungeon.
             The game lasted 00:07:03 (1516 turns).

Sachiko the Grasshopper (Gargoyle Warper)           Turns: 1516, Time: 00:07:03

HP   0/20        AC  7     Str 14      XL: 3   Next:  4%
MP   3/4         EV 10     Int 14      God:
Gold 75          SH  0     Dex  9      Spells:  3 memorised,  1 level left

Res.Fire  : . . .   See Invis. : .   a - +0 mace
Res.Cold  : . . .   Warding    : .   b - +0 leather armour
Life Prot.: + . .   Conserve   : .   (no shield)
Res.Poison: +       Res.Corr.  : .   (no helmet)
Res.Elec. : +       Clarity    : .   (no cloak)
Sust.Abil.: . .     Spirit.Shd : .   p - +0 pair of gloves
Res.Mut.  : .       Stasis     : .   (no boots)
Res.Rott. : +       Flight     : +   (no amulet)
Saprovore : . . .                    (no ring)
                                     k - ring of invisibility

@: flying (expiring), very slightly contaminated, not resistant to hostile
enchantments, very unstealthy
A: fangs 1, talons 2, life protection 1, electricity resistance, slow metabolism
1, unbreathing, petrification resistance, AC +3
a: Evoke Invisibility


You were on level 2 of the Dungeon.
You were not hungry.

You visited 1 branch of the dungeon, and saw 2 of its levels.

You collected 25 gold pieces.

Inventory:

Hand weapons
 a - a +0,+0 mace (weapon)
Missiles
 e - 7 darts (quivered)
 f - 6 darts of dispersal
Armour
 b - a +0 leather armour (worn)
 p - a +0 pair of gloves (worn)
Comestibles
 g - 2 bread rations
 m - 2 meat rations
 n - a choko
Scrolls
 h - 5 scrolls of identify
 i - 2 scrolls of magic mapping
Jewellery
 j - an uncursed ring of ice
 k - a ring of invisibility (left hand)
Potions
 l - 2 potions of curing
 o - 2 potions of heal wounds
Books
 c - a book of Spatial Translocations

   Spells                             Type                      Level
   *Apportation                       Translocation                1
   *Portal Projectile                 Translocation                2
   *Blink                             Translocation                2
   Shroud of Golubria                 Charms/Translocation         2
   Teleport Other                     Translocation                3
   Passage of Golubria                Translocation                4


   Skills:
 - Level 2.1 Fighting
 + Level 2.5 Maces & Flails
 - Level 1.0 Throwing
 + Level 1.3 Armour
 - Level 1.5 Dodging
 - Level 2.0 Spellcasting
 + Level 3.4 Translocations


You had one spell level left.
You knew the following spells:

 Your Spells              Type           Power        Failure   Level  Hunger
a - Apportation           Tloc           ##........   10%         1    ##.....
b - Blink                 Tloc           N/A          12%         2    ###....
c - Portal Projectile     Tloc           ##....       12%         2    ###....


Dungeon Overview and Level Annotations

Branches:
Dungeon (2/27)

Altars:


Innate Abilities, Weirdness & Mutations

You are resistant to torment.
You are immune to poison.
Your stone body is very resilient (AC +3).
You have very sharp teeth.
You have razor-sharp toenails.
You resist negative energy.
You are resistant to electric shocks.
You have a slow metabolism.
You can survive without breathing.
You are immune to petrification.


Message History

Confirm with . or Enter, or press ? or * to list all spells.
You blink.
The goblin hits you with a dagger.
* * * LOW HITPOINT WARNING * * *
Read which item? (? for menu, Esc to quit)
Blink to where?
Press: ? - help, Dir - move target cursor, p - gnoll
As you read the scroll of blinking, it crumbles to dust.
You are very lightly contaminated with residual magic.
The gnoll shouts!
The gnoll throws a dart.
The dart misses you.
The gnoll throws a dart.
The dart hits you!
* * * LOW HITPOINT WARNING * * *
You see here a dart.
You start to feel less resistant.
There is an open door here.
Your resistance to elements expires.
There is an open door here.
You are starting to lose your buoyancy.
The gnoll hits you with a club.
You die...

#.# #.# ##.###### ###+######
##'########
..).....####........###........$.
..........##........#.g..........
........#..+.......>#.#..........
........# #........#.#..........
........# #........#g#(.g.......
........# #.....g..'.#(.........
........# #....@.g.###..........
###.##### ####'##### #..........
#.# #...# ####g###### #.#
######'## #..§#### #.# #.......#
###g.g§. ###.##### #.......#
#####+ #.......####.......+
#.........##.......#
#.......#.##.......#


You could see 2 gnolls and a goblin.

Vanquished Creatures
  A ball python (D:1)
  2 bats (D:1)
  4 hobgoblins
  A kobold (D:1)
  3 giant cockroaches
  3 giant newts
  4 goblins
  6 rats (D:1)
24 creatures vanquished.

Notes
Turn   | Place    | Note
--------------------------------------------------------------
     0 | D:1      | Sachiko, the Gargoyle Warper, began the quest for the Orb.
     0 | D:1      | Reached XP level 1. HP: 12/12 MP: 1/1
   147 | D:1      | Reached skill level 3 in Translocations
   173 | D:1      | Reached XP level 2. HP: 16/16 MP: 3/3
   927 | D:2      | Learned a level 2 spell: Blink
   930 | D:2      | Learned a level 2 spell: Portal Projectile
  1395 | D:2      | Reached XP level 3. HP: 18/20 MP: 1/4
  1516 | D:2      | Slain by a gnoll

Action                   || total
-------------------------++-------
Melee: Mace              ||    67
Throw: Dart              ||    16
 Cast: Blink             ||     2
       Portal Projectile ||     1
  Use: Potion            ||     4
       Scroll            ||     6
